 Dungeon Crawl Stone Soup version 0.31-a0-925-g0a390f2509 (webtiles) character file.

Game seed: 3222877515927490949

1741 D12ThenQuit the Slicer (level 9, -2/57 HPs)
             Began as an Octopode Fighter on Oct 18, 2023.
             Was a Follower of Vehumet.
             Slain by a vampire mosquito (13 damage)
             ... on level 7 of the Dungeon.
             The game lasted 00:15:16 (5527 turns).

D12ThenQuit the Slicer (Octopode Fighter)           Turns: 5527, Time: 00:15:16

Health: -2/57      AC:  1    Str: 21    XL:     9   Next: 5%
Magic:  15/15      EV: 13    Int: 15    God:    Vehumet [*.....]
Gold:   309        SH:  4    Dex: 11    Spells: 8/16 levels left

rFire   . . .        a - +2 dagger (venom)
rCold   . . .        b - +0 buckler
rNeg    + . .        (helmet restricted)
rPois   .            d - amulet of regeneration
rElec   .            k - +6 ring of strength
rCorr   .            l - ring of positive energy
SInv    .            (no ring)
Will    +....        (no ring)
Stlth   ++           (no ring)
HPRegen 1.09/turn    (no ring)
MPRegen 0.14/turn    (no ring)
                     (no ring)

%: no passive effects
@: about to teleport, enlightened, flying
A: almost no armour, amphibious, 8 rings, camouflage 1, gelatinous body 1,
(nimble swimmer 1), tentacles
a: Renounce Religion


You were on level 7 of the Dungeon.
You worshipped Vehumet.
Vehumet was aware of your devotion.
You visited 2 branches of the dungeon, and saw 8 of its levels.

You collected 351 gold pieces.
You spent 42 gold pieces at shops.

Inventory:

Hand Weapons
 a - a +2 dagger of venom (weapon)
 s - the +5 mace of Expedience {drain, *Slow +Blink rPois}
   (You found it on level 3 of the Dungeon)

   rPois:     It protects you from poison +Blink: It lets you blink.
   *Slow:     It may slow you when you take damage.
 A - a +0 rapier
Missiles
 e - 11 boomerangs
 u - 10 poisoned darts
 x - a throwing net
Armour
 b - a +0 buckler (worn)
Magical Staves
 C - a staff of air
Jewellery
 d - an amulet of regeneration (around mantle)
 k - a +6 ring of strength (left tentacle)
 l - a ring of positive energy (right tentacle)
Wands
 c - a wand of flame (7)
 v - a wand of iceblast (12)
 y - a wand of charming (12)
Scrolls
 f - a scroll of vulnerability
 i - 2 scrolls of fear
 j - a scroll of amnesia
 m - a scroll of torment
 n - a scroll of fog
 p - 2 scrolls of silence
 q - a scroll of teleportation
 w - a scroll of enchant armour
 z - a scroll of poison
Potions
 g - a potion of resistance {unknown}
 h - a potion of magic {unknown}
 o - a potion of enlightenment
 t - 2 potions of ambrosia
 B - a potion of heal wounds {unknown}
 D - a potion of lignification {unknown}


   Skills:
 - Level 3.4 Fighting
 - Level 8.0 Short Blades
 - Level 3.4 Dodging
 - Level 3.0 Shields
 - Level 4.1 Spellcasting
 - Level 6.0 Conjurations
 + Level 0.0 Hexes


You had 8 spell levels left.
You knew the following spells:

 Your Spells              Type           Power      Damage    Failure   Level
a - Blink                 Tloc           6%         N/A       32%         2
b - Searing Ray           Conj           42%        2d6       2%          2
c - Fulminant Prism       Conj/Hex       6%         3d7       54%         4

Your spell library contained the following spells:

 Spells                   Type           Power      Damage    Failure   Level
 Sandblast                Erth           6%         2d5       22%         1
 Magic Dart               Conj           84%        1d7       1%          1
 Momentum Strike          Conj/Tloc      24%        3d8       10%         2
 Lesser Beckoning         Tloc           6%         N/A       32%         2
 Tukima's Dance           Hex            3%         N/A       54%         3
 Passage of Golubria      Tloc           3%         N/A       91%         4
 Yara's Violent Unravell  Hex/Tmut       1%         3d3       99%         5


Dungeon Overview and Level Annotations

Branches:
Dungeon (7/15)             Temple (1/1) D:5

Altars:
Ashenzari
Cheibriados
Dithmenos
Fedhas
Gozag
Hepliaklqana
Kikubaaqudgha
Nemelex Xobeh
Qazlal
Trog
Uskayaw
Vehumet
Wu Jian
Xom
Zin
The Shining One

Shops:
D:7 !

Annotations:
D:3 2 transporters, caprisunthief1748's ghost, amateur GnWn
D:5 Blork the orc
D:7 Dowan


Innate Abilities, Weirdness & Mutations

You cannot wear most types of armour.
You are amphibious.
You can wear up to eight rings at the same time.
Your skin changes colour to match your surroundings (Stealth+).
Your rubbery body absorbs attacks. (AC +1, EV +1)
((You are camouflaged when in or above water. (Stealth+)))
You have tentacles for arms and can constrict up to eight enemies at once.


Message History

The vampire mosquito is heavily damaged.
The vampire mosquito bites you!
* * * LOW HITPOINT WARNING * * *
The vampire mosquito draws strength from your injuries!
The vampire mosquito bites you!
* * * LOW HITPOINT WARNING * * *
The vampire mosquito draws strength from your injuries!
You feel better.
You block the vampire mosquito's attack.
It was a potion of enlightenment.
You feel very buoyant.
You fly up into the air.
The vampire mosquito closely misses you.
The vampire mosquito bites you!
* * * LOW HITPOINT WARNING * * *
You feel better.
You block the vampire mosquito's attack.
The vampire mosquito misses you.
Okay, then.
Unknown command.
Okay, then.
Unknown command.
Okay, then.
Unknown command.
Okay, then.
As you read the scroll labelled KEFECE HIEL, it dissolves into smoke.
It was a scroll of fog.
The vampire mosquito barely misses you. The vampire mosquito bites you.
* * * LOW HITPOINT WARNING * * *
The vampire mosquito draws strength from your injuries!
As you read the scroll labelled SUAREN CETTOT, it crumbles to dust.
You feel strangely unstable.
It was a scroll of teleportation.
The vampire mosquito bites you.
* * * LOW HITPOINT WARNING * * *
The vampire mosquito barely misses you.
The vampire mosquito closely misses you.
Okay, then.
Unknown command.
The vampire mosquito bites you!
You die...

..#............####...........
.............)...###............
#............###....>............
)............####............(..<
.................................
..............####...............
.........................[......#
...........§Y#####.........####..
............Y§Yy@§......#....####
....#......§####§......#.##)## #
# ######### ##............###
#...##......)... ###..........###
####.......# # ###.##### #(.###
##...##


You could see a yak and a vampire mosquito.

Vanquished Creatures
  A water moccasin (D:7)
  2 ogres
  A centaur (D:7)
  A phantom (D:5)
  A gnoll sergeant (D:7)
  5 scorpions
  3 killer bees
  An orc priest (D:6)
  3 gnoll boudas
  2 hounds (D:6)
  An iguana (D:5)
  3 jellies
  A sleepcap (D:5)
  Ijyb (D:3)
  2 orc wizards
  21 gnolls
  8 adders
  A white imp (D:6)
  4 worms
  4 dart slugs
  13 orcs
  8 ball pythons
  6 endoplasms
  8 giant cockroaches
  8 hobgoblins
  9 jackals
  4 quokkas
  10 bats
  4 frilled lizards
  10 goblins
  6 kobolds
  11 rats
163 creatures vanquished.

Notes
Turn   | Place    | Note
-------+----------+-------------------------------------------
     0 | D:1      | D12ThenQuit the Octopode Fighter began the quest for the
                  | Orb.
     0 | D:1      | Reached XP level 1. HP: 16/16 MP: 1/1
    62 | D:1      | Reached XP level 2. HP: 21/21 MP: 2/2
   142 | D:1      | Reached skill level 3 in Short Blades
   281 | D:1      | Reached XP level 3. HP: 22/26 MP: 3/3
   563 | D:1      | Learned a level 2 spell: Blink
   661 | D:2      | Found a broken altar of Ashenzari.
   767 | D:2      | Reached skill level 4 in Short Blades
   857 | D:2      | Reached XP level 4. HP: 31/31 MP: 4/4
  1285 | D:3      | Reached skill level 5 in Short Blades
  1315 | D:3      | Reached XP level 5. HP: 36/36 MP: 5/5
  1416 | D:3      | Found a transporter.
  1420 | D:3      | Noticed caprisunthief1748's ghost (amateur GnWn)
  1432 | D:3      | Found a transporter.
  1553 | D:3      | Identified the +5 mace of Expedience {drain, *Slow +Blink
                  | rPois}
  1559 | D:3      | Noticed Ijyb
  1654 | D:3      | Killed Ijyb
  1956 | D:4      | Reached skill level 6 in Short Blades
  1956 | D:4      | Reached XP level 6. HP: 27/42 MP: 6/6
  2460 | D:4      | Reached skill level 7 in Short Blades
  2488 | D:5      | Entered Level 5 of the Dungeon
  2587 | D:5      | Reached XP level 7. HP: 37/46 MP: 7/7
  2822 | D:5      | Found a staircase to the Ecumenical Temple.
  3059 | Temple   | Entered the Ecumenical Temple
  3078 | Temple   | Became a worshipper of Vehumet
  3210 | D:5      | Noticed Blork the orc
  3365 | D:5      | Reached skill level 8 in Short Blades
  3374 | D:5      | Learned a level 2 spell: Searing Ray
  3392 | D:5      | Found a hide-covered altar of Uskayaw.
  3414 | D:5      | Reached skill level 1 in Conjurations
  3421 | D:5      | Reached skill level 1 in Spellcasting
  3834 | D:6      | Reached XP level 8. HP: 52/52 MP: 10/10
  4078 | D:6      | Found a broken altar of Ashenzari.
  4572 | D:7      | Noticed a two-headed ogre
  4622 | D:7      | Reached * piety under Vehumet
  4622 | D:7      | Offered knowledge of Sandblast by Vehumet.
  4700 | D:6      | Reached skill level 5 in Conjurations
  5207 | D:7      | Found Cyerit's Distillery.
  5215 | D:7      | Bought a potion of curing for 42 gold pieces
  5274 | D:7      | Reached XP level 9. HP: 43/57 MP: 9/15
  5355 | D:7      | Noticed Dowan
  5365 | D:7      | Learned a level 4 spell: Fulminant Prism
  5527 | D:7      | Slain by a vampire mosquito

Illustrated notes

Levels and vault maps discovered:
D:1:      dpeg_arrival_prison, layout_basic, minmay_misc_feat_pillars,
          chequers_garden, fountainhead, roderic_roman_lattice,
          minmay_surrounded
D:2:      layout_loops_ring, basic_altar, minmay_tromino_mix6
D:3:      layout_rooms, gammafunk_ghost_stat_death, uniq_ijyb
D:4:      layout_basic
D:5:      nicolae_cairo_tiling_large, layout_loops_corners,
          nicolae_uskayaw_suspiria, minmay_temple_entry_stoned_glass,
          uniq_blork_the_orc
D:6:      layout_basic, lemuel_crystal_altar
D:7:      layout_rooms, serial_shops, shop, minmay_microvault, uniq_duvessa
Temple:   nicolae_temple_superstar

Skill      XL: |  1  2  3  4  5  6  7  8 |
---------------+-------------------------+-----
Short Blades   | 3 4 5 6 7 8 |  8.0
Conjurations   | 3 6 |  6.0
Spellcasting   | 1 4 |  4.1
Fighting       | |  3.4
Dodging        | |  3.4
Shields        | |  3.0

Action                     |  1- 3 |  4- 6 |  7- 9 || total
---------------------------+-------+-------+-------++-------
  Melee: Rapier            |    91 |   141 |    72 ||   304
         Constrict         |    18 |    36 |    29 ||    83
         Tentacles         |    12 |    28 |    37 ||    77
         Punch             |       |     2 |     4 ||     6
         Unarmed           |       |       |     1 ||     1
         Dagger            |       |       |    68 ||    68
   Cast: Searing Ray       |       |       |    14 ||    14
  Evoke: Wand              |       |     3 |     4 ||     7
    Use: Potion            |       |     1 |     4 ||     5
         Scroll            |       |     6 |     3 ||     9
   Stab: Sleeping          |    15 |     8 |     3 ||    26
         Distracted        |       |       |     1 ||     1
 Armour: Skin              |    27 |    42 |    81 ||   150
  Dodge: Dodged            |    44 |    79 |    81 ||   204
  Block: Buckler           |    12 |    29 |    28 ||    69

Table legend: (Time is in decaauts)
 A = Elapsed time spent in this place.
 B = Non-inter-level travel time spent in this place.
 C = Inter-level travel time spent in this place.
 D = Time resting spent in this place.
 E = Time spent auto-exploring this place.
 F = Levels seen in this place.
 G = Mean time per level.
                   A        B        C        D        E       F      G
               +--------+--------+--------+--------+--------+-----+--------+
         Total |   5485 |   4929 |    556 |    357 |   2759 |   8 |  685.6 |
       Dungeon |   5447 |   4927 |    520 |    357 |   2759 |   7 |  778.1 |
        Temple |     38 |      2 |     36 |      0 |      0 |   1 |   38.0 |
               +--------+--------+--------+--------+--------+-----+--------+

Top non-repeatable levels by time:
     D:5: 1208 daAuts
     D:6: 1169 daAuts
     D:1: 666 daAuts
     D:4: 652 daAuts
     D:3: 614 daAuts
     D:2: 578 daAuts
     D:7: 555 daAuts
  Temple: 38 daAuts
